 Dungeon Crawl Stone Soup version 0.31-a0-325-g067879e3d3 (webtiles) character file.

Game seed: 12739059833529709184

6956 bmack86 the Severer (level 10, -8/78 HPs)
             Began as a Minotaur Fighter on July 19, 2023.
             Was a Priest of Okawaru.
             Mangled by a boulder beetle (16 damage)
             ... on level 10 of the Dungeon.
             The game lasted 00:25:15 (9204 turns).

bmack86 the Severer (Minotaur Fighter)              Turns: 9204, Time: 00:25:17

Health: -8/78      AC: 21    Str: 26    XL:     10   Next: 81%
Magic:  13/13      EV:  6    Int:  5    God:    Okawaru [***...]
Gold:   523        SH:  4    Dex:  9    Spells: 9/9 levels left

rFire   . . .        C - +1 hand axe of Proximity {vamp, rC+}
rCold   + . .        c - +0 buckler
rNeg    . . .        L - +0 plate armour
rPois   .            z - +2 hat
rElec   .            (no cloak)
rCorr   +            (no gloves)
SInv    .            w - +2 pair of boots
Will    .....        (no amulet) Stlth
                     m - ring of resist corrosion
HPRegen 0.33/turn    B - +4 ring of protection
MPRegen 0.13/turn

%: no passive effects
@: mighty
A: horns 2, retaliatory headbutt
a: Renounce Religion, Heroism


You were on level 10 of the Dungeon.
You worshipped Okawaru.
Okawaru was most pleased with you.
You visited 2 branches of the dungeon, and saw 12 of its levels.
You also visited: Sewer and Ossuary.

You collected 523 gold pieces.

Inventory:

Hand Weapons
 a - a +1 war axe
 b - a +0 hand axe of flaming
 C - the +1 hand axe of Proximity (weapon) {vamp, rC+}
   (You found it on level 5 of the Dungeon)

   rC:        It protects you from cold.
Missiles
 f - 2 throwing nets
 j - 5 poisoned darts
 M - 3 boomerangs
Armour
 c - a +0 buckler (worn)
 w - a +2 pair of boots (worn)
 z - a +2 hat (worn)
 D - a +0 chain mail
 L - a +0 plate armour (worn)
Jewellery
 m - a ring of resist corrosion (left hand)
 y - a ring of protection from cold
 B - a +4 ring of protection (right hand)
 K - an amulet of magic regeneration
 O - a ring of see invisible
Wands
 i - a wand of charming (10)
 k - a wand of flame (24) (quivered)
 t - a wand of polymorph (12)
 J - a wand of roots (18)
 N - a wand of mindburst (10)
Scrolls
 l - 3 scrolls of blinking
 n - a scroll of enchant armour
 o - a scroll of vulnerability
 q - 2 scrolls of fear {unknown}
 r - 2 scrolls of enchant weapon
 s - 2 scrolls of butterflies {unknown}
 u - a scroll of fog
 x - 2 scrolls of noise {unknown}
 F - 3 scrolls of teleportation
Potions
 e - 6 potions of curing
 g - a potion of magic
 h - 5 potions of attraction
 p - 2 potions of cancellation
 v - 3 potions of enlightenment
 A - a potion of lignification
 E - a potion of haste
 G - a potion of mutation
 H - a potion of brilliance
 I - a potion of invisibility


   Skills:
 + Level 4.1 Fighting
 - Level 18.0 Axes
 + Level 4.1 Armour
 - Level 3.6 Shields
 * Level 5.5 Invocations


You had 9 spell levels left.
You didn't know any spells.
Your spell library contained the following spells:

 Spells                   Type           Power      Damage    Failure   Level
 Magic Dart               Conj           0%         1d3       100%        1
 Sandblast                Erth           0%         2d4       100%        1
 Passwall                 Tmut/Erth      0%         N/A       100%        2
 Searing Ray              Conj           0%         2d4       100%        2
 Stone Arrow              Conj/Erth      0%         3d7       100%        3
 Fulminant Prism          Conj/Hex       0%         3d5       100%        4


Dungeon Overview and Level Annotations

Branches:
Dungeon (11/15)            Temple (1/1) D:7            Lair (0/5) D:9
    Orc (0/2) D:10          Sewer (visited)         Ossuary (visited)

Altars:
Ashenzari
Cheibriados
Dithmenos
Elyvilon
Fedhas
Gozag
Hepliaklqana
Kikubaaqudgha
Makhleb
Nemelex Xobeh
Okawaru
Qazlal
Ru
Sif Muna
Trog
Uskayaw
Vehumet
Wu Jian
Xom
Yredelemnul
Zin
The Shining One

Annotations:
D:8 3 runed translucent doors, Shard1697's ghost, novice MeBe
D:10 2 transporters


Innate Abilities, Weirdness & Mutations

You have a pair of horns on your head.
You reflexively headbutt those who attack you in melee.


Message History

You hit the wraith but do no damage. The boulder beetle bites you!
* * * LOW HITPOINT WARNING * * *
The wraith closely misses you. You furiously retaliate!
You headbutt the wraith!
You hit the boulder beetle but do no damage.
The boulder beetle is moderately wounded.
You hit the wraith but do no damage.
The boulder beetle bites you but does no damage.
The wraith hits you but does no damage.
You hit the boulder beetle but do no damage.
You headbutt the boulder beetle, but do no damage.
The boulder beetle is moderately wounded.
You barely miss the wraith.
The boulder beetle bites you but does no damage.
You block the wraith's attack.
You feel very mighty all of a sudden. The wraith hits you but does no damage.
The boulder beetle bites you but does no damage.
You hit the boulder beetle but do no damage.
You headbutt the boulder beetle, but do no damage.
The boulder beetle is moderately wounded.
You hit the wraith but do no damage.
The boulder beetle bites you but does no damage.
The wraith barely misses you. The wraith hits you but does no damage.
The boulder beetle bites you.
* * * LOW HITPOINT WARNING * * *
You slash the boulder beetle!
You feel better.
You headbutt the boulder beetle, but do no damage.
The boulder beetle is moderately wounded.
You slash the wraith!
You destroy the wraith!
Okawaru accepts your kill.
You slice the boulder beetle!!
You headbutt the boulder beetle, but do no damage.
The boulder beetle is severely wounded.
You feel yourself speed up. The boulder beetle bites you!
* * * LOW HITPOINT WARNING * * *
The boulder beetle bites you!
You die...

# ##...# #..)....####...#O#
########.#..# #########
#.#.##oo ........###.# #..##
. ########.#..### #.####
#####.....## #.##.#
#..........# #.##.#
#.###..##..###########.##.##
#.#
#......#.†.........###.##
#.# ##.#...#@###########
##.# #.# #.#(...B#####
####.. #.#
#.#.........#######..... #.#
#.................#.##.# #.#
#####.########.##....#.# #.#
#.# #..)......# #.# #.#
####......# #.# #.# ###.####
#.########.# ###


You could see a boulder beetle.

Vanquished Creatures
  A two-headed ogre (D:9)
  A troll (D:10)
  Sigmund (D:2)
  3 dream sheep (D:7)
  A wraith (D:10)
  6 yaks (D:10)
  3 vampire mosquitoes (D:10)
  2 steam dragons (D:8)
  Duvessa (D:4)
  A black bear (D:6)
  An ice beast (D:6)
  A sky beast (D:7)
  4 orc warriors
  5 centaurs
  2 ogres
  An elf zombie (Ossuary)
  3 bullfrogs
  A wyvern zombie (D:7)
  2 scorpions
  Dowan (D:4)
  A troll zombie (Ossuary)
  5 killer bees (D:10)
  3 howler monkeys
  6 centaur zombies
  A bullfrog zombie (D:7)
  3 hounds
  An iron imp (D:5)
  A jelly (D:6)
  6 orc priests
  2 gnoll boudas
  Ijyb (D:4)
  Terence (D:2)
  A hell rat (Sewer)
  8 iguanas
  11 orc wizards
  2 killer bee zombies (D:7)
  An ogre zombie (Ossuary)
  7 mummies (Ossuary)
  Robin (D:2)
  A howler monkey zombie (D:7)
  8 gnolls
  A river rat (Sewer)
  5 adders
  A white imp (D:8)
  2 ufetubi
  5 adder zombies (Ossuary)
  3 worms
  32 orcs
  10 endoplasms
  2 giant cockroaches
  13 goblins
  15 hobgoblins
  8 jackals
  3 quokkas
  6 ball pythons
  5 bats
  4 frilled lizards
  A gnoll zombie (Ossuary)
  4 goblin zombies (Ossuary)
  3 hobgoblin zombies (Ossuary)
  8 kobolds
  6 kobold zombies (Ossuary)
  2 quokka zombies (Ossuary)
  9 rats
  3 rat zombies (Ossuary)
263 creatures vanquished.

Notes
Turn   | Place    | Note
-------+----------+-------------------------------------------
     0 | D:1      | bmack86 the Minotaur Fighter began the quest for the Orb.
     0 | D:1      | Reached XP level 1. HP: 19/19 MP: 0/0
    64 | D:1      | Found a faded altar of an unknown god.
    75 | D:1      | Reached skill level 3 in Axes
   150 | D:1      | Reached XP level 2. HP: 18/26 MP: 1/1
   378 | D:1      | Reached skill level 4 in Axes
   536 | D:1      | Reached XP level 3. HP: 29/31 MP: 2/2
  1137 | D:2      | Found a stormy altar of Qazlal.
  1291 | D:2      | Noticed Terence
  1301 | D:2      | Killed Terence
  1302 | D:2      | Reached skill level 5 in Axes
  1302 | D:2      | Reached XP level 4. HP: 32/39 MP: 3/3
  1426 | D:2      | Noticed Sigmund
  1439 | D:2      | Killed Sigmund
  1440 | D:2      | Reached skill level 7 in Axes
  1440 | D:2      | Reached XP level 5. HP: 39/45 MP: 4/4
  1554 | D:2      | Noticed Robin
  1574 | D:2      | Killed Robin
  1575 | D:2      | Reached XP level 6. HP: 47/51 MP: 5/5
  1839 | D:3      | Found a glowing drain.
  1858 | Sewer    | Entered a sewer
  1921 | Sewer    | Reached skill level 8 in Axes
  2796 | D:4      | Noticed Duvessa
  2796 | D:4      | Noticed Dowan
  2893 | D:4      | Killed Duvessa
  2894 | D:4      | Reached skill level 9 in Axes
  2894 | D:4      | Reached XP level 7. HP: 52/57 MP: 6/6
  2916 | D:4      | Noticed Ijyb
  3028 | D:4      | Killed Ijyb
  3037 | D:4      | Killed Dowan
  3215 | D:4      | Reached skill level 10 in Axes
  3680 | D:5      | Entered Level 5 of the Dungeon
  3745 | D:5      | Identified the +1 hand axe of Proximity {vamp, rC+}
  3776 | D:5      | Reached skill level 11 in Axes
  3787 | D:5      | Reached XP level 8. HP: 19/64 MP: 7/7
  3944 | D:5      | Found a snail-covered altar of Cheibriados.
  4242 | D:5      | You fall into a shaft and drop 1 floor!
  4242 | D:6      | Found a sacrificial altar of Ru.
  4286 | D:6      | Reached skill level 12 in Axes
  4341 | D:6      | Found a sand-covered staircase.
  4347 | Ossuary  | Entered an ossuary
  4882 | Ossuary  | Reached skill level 13 in Axes
  5045 | D:6      | Found a hazy altar of Hepliaklqana.
  5046 | D:6      | Found a shadowy altar of Dithmenos.
  5147 | D:6      | Reached skill level 14 in Axes
  5147 | D:6      | Reached XP level 9. HP: 66/70 MP: 8/8
  5364 | D:6      | Found a bloodstained altar of Trog.
  5428 | D:6      | Found a burning altar of Makhleb.
  5446 | D:6      | Identified the +8 mace of Fedhas's Envy {flame, Fragile
                  | rElec rPois Will++}
  6354 | D:7      | Reached skill level 15 in Axes
  6360 | D:7      | Found a basalt altar of Yredelemnul.
  6448 | D:7      | Found a radiant altar of Vehumet.
  6845 | D:7      | Found a staircase to the Ecumenical Temple.
  6897 | D:7      | Reached skill level 16 in Axes
  6955 | Temple   | Entered the Ecumenical Temple
  6976 | Temple   | Became a worshipper of Warmaster Okawaru
  7144 | D:8      | Reached XP level 10. HP: 61/77 MP: 9/9
  7268 | D:8      | Reached skill level 17 in Axes
  7298 | D:8      | Found a runed translucent gate.
  7298 | D:8      | Found a runed translucent gate.
  7298 | D:8      | Found a runed translucent gate.
  7303 | D:8      | Noticed Shard1697's ghost (novice MeBe)
  7640 | D:9      | Reached * piety under Okawaru
  7717 | D:9      | Found an opulent altar of Gozag.
  7932 | D:9      | Noticed a two-headed ogre
  7933 | D:9      | Found a staircase to the Lair.
  7943 | D:9      | Killed a two-headed ogre
  8241 | D:10     | Entered Level 10 of the Dungeon
  8350 | D:10     | Reached ** piety under Okawaru
  8392 | D:10     | Reached skill level 18 in Axes
  8554 | D:10     | Found a transporter.
  8557 | D:10     | Noticed an ogre mage
  8560 | D:10     | Noticed an orc high priest
  8562 | D:10     | Found a transporter.
  8562 | D:10     | Noticed a two-headed ogre
  8766 | D:10     | Found a staircase to the Orcish Mines.
  8860 | D:10     | Reached skill level 5 in Invocations
  9060 | D:11     | Noticed a boulder beetle
  9064 | D:11     | Noticed a boulder beetle
  9078 | D:10     | Reached *** piety under Okawaru
  9204 | D:10     | Mangled by a boulder beetle

Illustrated notes

Levels and vault maps discovered:
D:1:      dpeg_arrival_tiny_k, layout_basic, dreamdust_ecumenical_altar_statues
D:2:      wander_river, layout_loops_cross, basic_altar, serial_bayou_pond_b,
          uniq_robin, uniq_sigmund, uniq_terence
D:3:      minmay_recursive_quarters, layout_basic, cheibrodos_sewer_entry_drain
D:4:      layout_basic, st_stairs_10, uniq_ijyb, uniq_duvessa
D:5:      layout_basic, slow_altar_1, hex_medium
D:6:      layout_basic, riverfiend_overflow_shadow_ancestor,
          mainiacjoe_overflow_catch_the_wave, nicolae_ru_sacrificial_ziggurat,
          enter_ossuary_5, minmay_misc_feat_ornament, nicolae_titane
D:7:      layout_loops_ring, vehumet_altar_wand_db,
          nicolae_yredelemnul_corpse_copse, minmay_temple_entry_stoned_glass,
          dreamdust_gnoll_shepherd
D:8:      layout_cave_pools, ebering_ghost_rock_garden
D:9:      layout_roguey, grunt_gozag_statues, lair_entry_dummy,
          grunt_decor_resistance
D:10:     gammafunk_beogh_shrine, layout_loops_ring, hiddenorc1_lemuel
D:11:     layout_cave_pods, elyvilon_altar_1
Temple:   dshaligram_water_room_temple

Skill      XL: |  1  2  3  4  5  6  7  8  9 10 |
---------------+-------------------------------+-----
Axes           | 3 4 5 7 9 11 14 16 18 | 18.0
Invocations    | 5 |  5.5
Fighting       | 4 |  4.1
Armour         | 4 |  4.1
Shields        | |  3.6

Action                     |  1- 3 |  4- 6 |  7- 9 | 10-12 || total
---------------------------+-------+-------+-------+-------++-------
  Melee: War axe           |    65 |   101 |    59 |       ||   225
         Headbutt          |     7 |    13 |    94 |    40 ||   154
         Unarmed           |       |       |    20 |       ||    20
         Hand axe          |       |       |   375 |   197 ||   572
  Evoke: Wand              |     3 |     6 |     3 |     1 ||    13
    Use: Scroll            |       |     4 |    14 |     5 ||    23
         Potion            |       |     1 |       |     1 ||     2
 Armour: Scale mail        |    29 |    32 |    33 |       ||    94
         Skin              |       |       |     8 |       ||     8
         Chain mail        |       |       |   137 |       ||   137
         Plate armour      |       |       |    20 |   139 ||   159
  Dodge: Dodged            |    33 |    55 |   166 |    45 ||   299
  Block: Buckler           |    18 |    27 |    66 |    30 ||   141

Table legend: (Time is in decaauts)
 A = Elapsed time spent in this place.
 B = Non-inter-level travel time spent in this place.
 C = Inter-level travel time spent in this place.
 D = Time resting spent in this place.
 E = Time spent auto-exploring this place.
 F = Levels seen in this place.
 G = Mean time per level.
                   A        B        C        D        E       F      G
               +--------+--------+--------+--------+--------+-----+--------+
         Total |   9076 |   8877 |    199 |    402 |   5706 |  14 |  648.3 |
       Dungeon |   8345 |   8158 |    187 |    366 |   5600 |  11 |  758.6 |
        Temple |     34 |     22 |     12 |      0 |      0 |   1 |   34.0 |
         Sewer |    115 |    115 |      0 |      0 |     13 |   1 |  115.0 |
       Ossuary |    580 |    580 |      0 |     36 |     93 |   1 |  580.0 |
               +--------+--------+--------+--------+--------+-----+--------+

Top non-repeatable levels by time:
     D:3: 1098 daAuts
     D:5: 1019 daAuts
     D:1: 969 daAuts
    D:10: 903 daAuts
     D:6: 853 daAuts
     D:2: 827 daAuts
     D:7: 799 daAuts
     D:4: 736 daAuts
     D:9: 603 daAuts
 Ossuary: 580 daAuts
     D:8: 521 daAuts
   Sewer: 115 daAuts
  Temple: 34 daAuts
    D:11: 12 daAuts
